Workbook

Sheet Total Retail Sales
B2: 2018 Total Retail Sales
B4: Member | C4: kWh | D4: 2018 Peak kW | E4: $ | F4: $/kWh
B5: Barton | C5: =[1]Barton!D20 -> 13646122 | D5: 2894.1 | E5: =[1]Barton!E20 -> 2746877.5 | F5: =+E5/C5 -> 0.20129363
B6: Enosburg | C6: =[1]Enosburg!D20 -> 26848098 | D6: 4737.22 | E6: =[1]Enosburg!E20 -> 4133234.1 | F6: =+E6/C6 -> 0.15394886
B7: Hardwick | C7: =[1]Hardwick!D20 -> 33545766 | D7: 7164.53 | E7: =[1]Hardwick!E20 -> 5882109 | F7: =+E7/C7 -> 0.17534579
B8: Jacksonville | C8: =[1]Jacksonville!D20 -> 4987290.2 | D8: 1137.54 | E8: =[1]Jacksonville!E20 -> 856821.7 | F8: =+E8/C8 -> 0.17180105
B9: Johnson | C9: =[1]Johnson!D20 -> 12509491 | D9: 2362.03 | E9: =[1]Johnson!E20 -> 2141034.9 | F9: =+E9/C9 -> 0.17115284
B10: Ludlow | C10: =[1]Ludlow!D20 -> 54579417 | D10: 13267.42 | E10: =[1]Ludlow!E20 -> 8078203.8 | F10: =+E10/C10 -> 0.14800825
B11: Lyndonville | C11: =[1]Lyndonville!D20 -> 58532590 | D11: 11919.59 | E11: =[1]Lyndonville!E20 -> 9207999.5 | F11: =+E11/C11 -> 0.15731406
B12: Morrisville | C12: =[1]Morrisville!D20 -> 45788872 | D12: 8130.32 | E12: =[1]Morrisville!E20 -> 7081487 | F12: =+E12/C12 -> 0.1546552
B13: Northfield | C13: =[1]Northfield!D20 -> 28217275 | D13: 5301.18 | E13: =[1]Northfield!E20 -> 3769911.6 | F13: =+E13/C13 -> 0.13360296
B14: Orleans | C14: =[1]Orleans!D20 -> 13690057 | D14: 3271.29 | E14: =[1]Orleans!E20 -> 1936890.8 | F14: =+E14/C14 -> 0.14148157
B15: Swanton | C15: =[1]Swanton!D20 -> 54619790 | D15: 10275.09 | E15: =[1]Swanton!E20 -> 7043131.1 | F15: =+E15/C15 -> 0.12894834
B16: Total | C16: =SUM(C5:C15) -> 3.4696477e+08 | D16: =SUM(D5:D15) -> 70460.31 | E16: =SUM(E5:E15) -> 52877701 | F16: =+E16/C16 -> 0.15240078
B17: Source: A. Simard, 9/27/2019
B19: Burlington | C19: 333764032 | D19: 64680 | E19: 47232455 | F19: =+E19/C19 -> 0.14151451
B20: Source: C. Lamont, 10/15/12019

Sheet Blended Rate Calc
A1: VPPSA Municipal-Specific Blended Rate Calculations Using 2017 data; Applicable 07/01/18
B3: A | C3: B | D3: C | E3: D = A+B+C | F3: E | G3: F | H3: G = E + F | I3: H = B + C | J3: I = E + F | K3: J = H / I | L3: K | M3: L | N3: Lesser of J, K, L
A4: General Residential Rate per Rule 5.127 | B4: Customer Charge $ | C4: NYPA Revenue | D4: Tailblock Revenue | E4: Total Residential Revenue | F4: NYPA kWh | G4: Tailblock kWh | H4: Total Residential kWh | I4: Residential Energy $ | J4: Eligible Residential Energy kWh | K4: Residential Blended Rate $/kWh | L4: Current General Residential Tariff Tail Block Rate $/KwH | M4: Statewide Average Blended Residential Rate $/kWh | N4: Applicable Blended Residential Rate $/kWh
A5: Barton | B5: 240208.54 | C5: 176417.74 | D5: 1484867.9 | E5: =SUM(B5:D5) -> 1901494.2 | F5: 1914255 | G5: 7677501 | H5: =SUM(F5:G5) -> 9591756 | I5: =C5+D5 -> 1661285.7 | J5: =F5+G5 -> 9591756 | K5: =I5/J5 -> 0.17319933 | L5: 0.19393 | M5: 0.15417 | N5: =MIN(K5:M5) -> 0.15417
A6: Enosburg | B6: 105015.25 | C6: 70882.674 | D6: 1441889.8 | E6: =SUM(B6:D6) -> 1617787.8 | F6: 1049181.1 | G6: 9025349.6 | H6: =SUM(F6:G6) -> 10074531 | I6: =C6+D6 -> 1512772.5 | J6: =F6+G6 -> 10074531 | K6: =I6/J6 -> 0.15015811 | L6: 0.15976 | M6: =M5 -> 0.15417 | N6: =MIN(K6:M6) -> 0.15015811
A7: Hardwick - Residential | B7: 508462.91 | C7: 278099.42 | D7: 3347519.6 | E7: =SUM(B7:D7) -> 4134081.9 | F7: 4424811.7 | G7: 18716911 | H7: =SUM(F7:G7) -> 23141723 | I7: =C7+D7 -> 3625619 | J7: =F7+G7 -> 23141723 | K7: =I7/J7 -> 0.15667023 | L7: 0.17885 | M7: =M6 -> 0.15417 | N7: =MIN(K7:M7) -> 0.15417
A8: Hyde Park | B8: 235507.03 | C8: 192713.6 | D8: 956464.9 | E8: =SUM(B8:D8) -> 1384685.5 | F8: 2063977.7 | G8: 5718773.7 | H8: =SUM(F8:G8) -> 7782751.4 | I8: =C8+D8 -> 1149178.5 | J8: =F8+G8 -> 7782751.4 | K8: =I8/J8 -> 0.1476571 | L8: 0.16725 | M8: =M7 -> 0.15417 | N8: =MIN(K8:M8) -> 0.1476571
A9: Jacksonville | B9: 62468.86 | C9: 86193.475 | D9: 443449.89 | E9: =SUM(B9:D9) -> 592112.22 | F9: 1114763 | G9: 2385550 | H9: =SUM(F9:G9) -> 3500313 | I9: =C9+D9 -> 529643.36 | J9: =F9+G9 -> 3500313 | K9: =I9/J9 -> 0.15131314 | L9: 0.18589 | M9: =M8 -> 0.15417 | N9: =MIN(K9:M9) -> 0.15131314
A10: Johnson | B10: 114820.2 | C10: 94405.721 | D10: 652967.28 | E10: =SUM(B10:D10) -> 862193.2 | F10: 897392.78 | G10: 4030662.2 | H10: =SUM(F10:G10) -> 4928055 | I10: =C10+D10 -> 747373 | J10: =F10+G10 -> 4928055 | K10: =I10/J10 -> 0.15165679 | L10: 0.162 | M10: =M9 -> 0.15417 | N10: =MIN(K10:M10) -> 0.15165679
A11: Ludlow | B11: 349590.38 | C11: 183685.01 | D11: 1172738.2 | E11: =SUM(B11:D11) -> 1706013.6 | F11: 3512141.7 | G11: 9946889.3 | H11: =SUM(F11:G11) -> 13459031 | I11: =C11+D11 -> 1356423.3 | J11: =F11+G11 -> 13459031 | K11: =I11/J11 -> 0.10078164 | L11: 0.1179 | M11: =M10 -> 0.15417 | N11: =MIN(K11:M11) -> 0.10078164
A12: Lyndonville | B12: 535871 | C12: 300344.06 | D12: 3831137.9 | E12: =SUM(B12:D12) -> 4667353 | F12: 4059252 | G12: 25761568 | H12: =SUM(F12:G12) -> 29820820 | I12: =C12+D12 -> 4131482 | J12: =F12+G12 -> 29820820 | K12: =I12/J12 -> 0.13854354 | L12: 0.14953 | M12: =M11 -> 0.15417 | N12: =MIN(K12:M12) -> 0.13854354
A13: Morrisville - Residential | B13: 349208.25 | C13: 312580.1 | D13: 2382798 | E13: =SUM(B13:D13) -> 3044586.3 | F13: 3759935 | G13: 15556802 | H13: =SUM(F13:G13) -> 19316737 | I13: =C13+D13 -> 2695378.1 | J13: =F13+G13 -> 19316737 | K13: =I13/J13 -> 0.13953589 | L13: 0.15358 | M13: =M12 -> 0.15417 | N13: =MIN(K13:M13) -> 0.13953589
A14: Northfield | B14: 154160.46 | C14: 115027.22 | D14: 1102338.2 | E14: =SUM(B14:D14) -> 1371525.9 | F14: 1811167 | G14: 8043329 | H14: =SUM(F14:G14) -> 9854496 | I14: =C14+D14 -> 1217365.5 | J14: =F14+G14 -> 9854496 | K14: =I14/J14 -> 0.12353401 | L14: 0.13705 | M14: =M13 -> 0.15417 | N14: =MIN(K14:M14) -> 0.12353401
A15: Orleans | B15: 68646.49 | C15: 48119.1 | D15: 391879.36 | E15: =SUM(B15:D15) -> 508644.95 | F15: 637508 | G15: 3283997 | H15: =SUM(F15:G15) -> 3921505 | I15: =C15+D15 -> 439998.46 | J15: =F15+G15 -> 3921505 | K15: =I15/J15 -> 0.11220143 | L15: 0.11933 | M15: =M14 -> 0.15417 | N15: =MIN(K15:M15) -> 0.11220143
A16: Swanton* | L16: 0.12133 | M16: =M15 -> 0.15417 | N16: =MIN(K16:M16) -> 0.12133
A18: * Swanton does not have inclining block rates, the "NYPA" block was elminated as of August 2015
I22: Barton | J22: 1661285.7 | K22: 9591756 | L22: =J22/K22 -> 0.17319933
D23: 4131482 | I23: Enosburg*** | J23: 1512772.5 | K23: 10074531 | L23: =J23/K23 -> 0.15015811
C24: cust chg from Clay | D24: 535871 | I24: Hardwick - Residential | J24: 3625619 | K24: 23141723 | L24: =J24/K24 -> 0.15667023
D25: =SUM(D23:D24) -> 4667353 | I25: Hyde Park | J25: 1149178.5 | K25: 7782751 | L25: =J25/K25 -> 0.14765711
D26: 4667353 | I26: Jacksonville | J26: 529643.36 | K26: 3500313 | L26: =J26/K26 -> 0.15131314
I27: Johnson | J27: 747373 | K27: 4928055 | L27: =J27/K27 -> 0.15165679
I28: Ludlow | J28: 1356423.3 | K28: 13459031 | L28: =J28/K28 -> 0.10078164
I29: Lyndonville | J29: 4131482 | K29: 29820820 | L29: =J29/K29 -> 0.13854354
I30: Morrisville - Residential | J30: 2695379 | K30: 19316737 | L30: =J30/K30 -> 0.13953594
I31: Northfield | J31: 1217365.5 | K31: 9854496 | L31: =J31/K31 -> 0.12353401
I32: Orleans | J32: 439998.46 | K32: 3921505 | L32: =J32/K32 -> 0.11220143
I33: Swanton*

Sheet Solar_NM_kW
B2: Solar Net Metered Installations (kW) | G2: Solar Net Metered Installations (kW) | L2: Solar Net Metered Installations (kW)
B3: Post 7/1/2017 | G3: Post 7/1/2017 | L3: Post 7/1/2017
B5: Post 7/1/2017 | C5: 1 | G5: Post 7/1/2017 | H5: 1 | L5: BED Only
B6: RECs Retained by Customer | C6: N | G6: RECs Retained by Customer | H6: Y
B8: Utility | C8: Sum of <=15kW | D8: Sum of >15 & <=150 kW | E8: Sum of >150 & <=500 kW | G8: Utility | H8: Sum of <=15kW | I8: Sum of >15 & <=150 kW | J8: Sum of >150 & <=500 kW | L8: Accounts (not systems)
B9: BARTON | C9: 59.6 | D9: 15.2 | E9: 0 | G9: BARTON | L9: RECS | M9: CATEGORY I | N9: CATEGORY II | O9: CATEGORY III | P9: TOTAL
B10: Enosburg | C10: 45.09 | D10: 59.2 | E10: 0 | G10: Enosburg | H10: 0 | I10: 0 | J10: 500 | L10: N | M10: 92 | N10: 17 | O10: 1 | P10: 110
B11: Hardwick | C11: 386.755 | D11: 161.77 | E11: 0 | G11: Hardwick | H11: 55.58 | I11: 0 | J11: 0 | L11: Y | M11: 5 | N11: 0 | O11: 0 | P11: 5
B12: JACKSONVILLE | C12: 38.6 | D12: 0 | E12: 0 | G12: =+B12 -> JACKSONVILLE | L12: Total | M12: 97 | N12: 17 | O12: 1 | P12: 115
B13: JOHNSON | C13: 17.6 | D13: 0 | E13: 0 | G13: JOHNSON | H13: 0 | I13: 300 | J13: 0
B14: LUDLOW | G14: LUDLOW | H14: 5.25 | I14: 0 | J14: 0 | L14: AC Capacity
B15: LYNDONVILLE | C15: 251.42 | D15: 55 | E15: 0 | G15: LYNDONVILLE | H15: 45.42 | I15: 0 | J15: 300 | L15: RECS | M15: CATEGORY I | N15: CATEGORY II | O15: CATEGORY III | P15: TOTAL
B16: Morrisville | C16: 200.27 | D16: 75 | E16: 0 | G16: Morrisville | H16: 103.6 | I16: 63.3 | J16: 0 | L16: N | M16: 516 | N16: 556 | O16: 250 | P16: 1323
B17: NORTHFIELD | C17: 42.19 | D17: 0 | E17: 0 | G17: NORTHFIELD | H17: 12.24 | I17: 0 | J17: 496 | L17: Y | M17: 25 | N17: 0 | O17: 0 | P17: 25
B18: ORLEANS | C18: 14 | D18: 0 | E18: 0 | G18: ORLEANS | L18: Total | M18: 542 | N18: 556 | O18: 250 | P18: 1348
B19: SWANTON | C19: 64.91 | D19: 16 | E19: 0 | G19: SWANTON | H19: 13.6 | I19: 0 | J19: 1000
B20: Grand Total | C20: 1120.435 | D20: 382.17 | E20: 0 | G20: Grand Total | H20: 235.69 | I20: 363.3 | J20: 2296
B23: Solar Net-Metering Production | G23: Solar Net-Metering Production | L23: Solar Net-Metering Production
B24: kWh/Year | G24: kWh/Year | L24: kWh/Year
C26: RECs Transferred to Utility | H26: RECs Retained by Customer
C27: =+NM_Compensation_Rates!M5 -> Category I | D27: =+NM_Compensation_Rates!N5 -> Category II | E27: =+NM_Compensation_Rates!O5 -> Category III | H27: =+C27 -> Category I | I27: =+D27 -> Category II | J27: =+E27 -> Category III
B28: Utility | C28: 0.14 | D28: =0.02+C28 -> 0.16 | E28: =0.02+D28 -> 0.18 | G28: Utility | H28: =+C28 -> 0.14 | I28: =+D28 -> 0.16 | J28: =+E28 -> 0.18 | L28: RECS | M28: CATEGORY I | N28: CATEGORY II | O28: CATEGORY III
B29: Barton | C29: =+C$28*8760*C9 -> 73093.44 | D29: =+D$28*8760*D9 -> 21304.32 | E29: =+E$28*8760*E9 -> 0 | G29: Barton | H29: =+H$28*8760*H9 -> 0 | I29: =+I$28*8760*I9 -> 0 | J29: =+J$28*8760*J9 -> 0 | L29: N | M29: =+H$28*8760*M16 -> 632822.4 | N29: =+I$28*8760*N16 -> 779289.6 | O29: =+J$28*8760*O16 -> 394200
B30: Enosburg | C30: =+C$28*8760*C10 -> 55298.376 | D30: =+D$28*8760*D10 -> 82974.72 | E30: =+E$28*8760*E10 -> 0 | G30: Enosburg | H30: =+H$28*8760*H10 -> 0 | I30: =+I$28*8760*I10 -> 0 | J30: =+J$28*8760*J10 -> 788400 | L30: Y | M30: =+H$28*8760*M17 -> 30660 | N30: =+I$28*8760*N17 -> 0 | O30: =+J$28*8760*O17 -> 0
B31: Hardwick | C31: =+C$28*8760*C11 -> 474316.33 | D31: =+D$28*8760*D11 -> 226736.83 | E31: =+E$28*8760*E11 -> 0 | G31: Hardwick | H31: =+H$28*8760*H11 -> 68163.312 | I31: =+I$28*8760*I11 -> 0 | J31: =+J$28*8760*J11 -> 0 | L31: Total | M31: =+SUM(M29:M30) -> 663482.4 | N31: =+SUM(N29:N30) -> 779289.6 | O31: =+SUM(O29:O30) -> 394200
B32: Jacksonville | C32: =+C$28*8760*C12 -> 47339.04 | D32: =+D$28*8760*D12 -> 0 | E32: =+E$28*8760*E12 -> 0 | G32: Jacksonville
B33: Johnson | C33: =+C$28*8760*C13 -> 21584.64 | D33: =+D$28*8760*D13 -> 0 | E33: =+E$28*8760*E13 -> 0 | G33: Johnson | H33: =+H$28*8760*H13 -> 0 | I33: =+I$28*8760*I13 -> 420480 | J33: =+J$28*8760*J13 -> 0
B34: Ludlow | G34: Ludlow | H34: =+H$28*8760*H14 -> 6438.6 | I34: =+I$28*8760*I14 -> 0 | J34: =+J$28*8760*J14 -> 0
B35: Lyndonville | C35: =+C$28*8760*C15 -> 308341.49 | D35: =+D$28*8760*D15 -> 77088 | E35: =+E$28*8760*E15 -> 0 | G35: Lyndonville | H35: =+H$28*8760*H15 -> 55703.088 | I35: =+I$28*8760*I15 -> 0 | J35: =+J$28*8760*J15 -> 473040
B36: Morrisville | C36: =+C$28*8760*C16 -> 245611.13 | D36: =+D$28*8760*D16 -> 105120 | E36: =+E$28*8760*E16 -> 0 | G36: Morrisville | H36: =+H$28*8760*H16 -> 127055.04 | I36: =+I$28*8760*I16 -> 88721.28 | J36: =+J$28*8760*J16 -> 0
B37: Northfield | C37: =+C$28*8760*C17 -> 51741.816 | D37: =+D$28*8760*D17 -> 0 | E37: =+E$28*8760*E17 -> 0 | G37: Northfield | H37: =+H$28*8760*H17 -> 15011.136 | I37: =+I$28*8760*I17 -> 0 | J37: =+J$28*8760*J17 -> 782092.8
B38: Orleans | C38: =+C$28*8760*C18 -> 17169.6 | D38: =+D$28*8760*D18 -> 0 | E38: =+E$28*8760*E18 -> 0 | G38: Orleans | H38: =+H$28*8760*H18 -> 0 | I38: =+I$28*8760*I18 -> 0 | J38: =+J$28*8760*J18 -> 0
B39: Swanton | C39: =+C$28*8760*C19 -> 79605.624 | D39: =+D$28*8760*D19 -> 22425.6 | E39: =+E$28*8760*E19 -> 0 | G39: Swanton | H39: =+H$28*8760*H19 -> 16679.04 | I39: =+I$28*8760*I19 -> 0 | J39: =+J$28*8760*J19 -> 1576800
B40: Burlington | C40: =+C$28*8760*M16 -> 632822.4 | D40: =+D$28*8760*N16 -> 779289.6 | E40: =+E$28*8760*O16 -> 394200 | G40: Burlington | H40: =+H$28*8760*M17 -> 30660

Sheet NM_Compensation_Rates
D2: Residential Rates | F2: Net Metering | M2: Net-Metered Compensation Rates | R2: Net-Metered Compensation Rates
F3: Adjustors as of 7/1/2019 | M3: RECs Transferred to Utility | R3: RECs Retained by the Customer
B5: Utility | D5: $/kWh | F5: REC Adjustor + | G5: REC Adjustor - | H5: Category I | I5: Category II | J5: Category III | K5: Category IV | M5: Category I | N5: Category II | O5: Category III | P5: Category IV | R5: Category I | S5: Category II | T5: Category III | U5: Category IV
B6: =+'Blended Rate Calc'!A5 -> Barton | D6: =+'Blended Rate Calc'!N5 -> 0.15417 | F6: 0.01 | G6: -0.03 | H6: 0.01 | I6: 0.01 | J6: -0.01 | K6: -0.03 | M6: =+SUM($D6,$F6,H6) -> 0.17417 | N6: =+SUM($D6,$F6,I6) -> 0.17417 | O6: =+SUM($D6,$F6,J6) -> 0.15417 | P6: =+SUM($D6,$F6,K6) -> 0.13417 | R6: =+SUM($D6,$G6,H6) -> 0.13417 | S6: =+SUM($D6,$G6,I6) -> 0.13417 | T6: =+SUM($D6,$G6,J6) -> 0.11417 | U6: =+SUM($D6,$G6,K6) -> 0.09417
B7: =+'Blended Rate Calc'!A6 -> Enosburg | D7: =+'Blended Rate Calc'!N6 -> 0.15015811 | F7: 0.01 | G7: -0.03 | H7: 0.01 | I7: 0.01 | J7: -0.01 | K7: -0.03 | M7: =+SUM($D7,$F7,H7) -> 0.17015811 | N7: =+SUM($D7,$F7,I7) -> 0.17015811 | O7: =+SUM($D7,$F7,J7) -> 0.15015811 | P7: =+SUM($D7,$F7,K7) -> 0.13015811 | R7: =+SUM($D7,$G7,H7) -> 0.13015811 | S7: =+SUM($D7,$G7,I7) -> 0.13015811 | T7: =+SUM($D7,$G7,J7) -> 0.11015811 | U7: =+SUM($D7,$G7,K7) -> 0.090158114
B8: Hardwick | D8: =+'Blended Rate Calc'!N7 -> 0.15417 | F8: 0.01 | G8: -0.03 | H8: 0.01 | I8: 0.01 | J8: -0.01 | K8: -0.03 | M8: =+SUM($D8,$F8,H8) -> 0.17417 | N8: =+SUM($D8,$F8,I8) -> 0.17417 | O8: =+SUM($D8,$F8,J8) -> 0.15417 | P8: =+SUM($D8,$F8,K8) -> 0.13417 | R8: =+SUM($D8,$G8,H8) -> 0.13417 | S8: =+SUM($D8,$G8,I8) -> 0.13417 | T8: =+SUM($D8,$G8,J8) -> 0.11417 | U8: =+SUM($D8,$G8,K8) -> 0.09417
B9: =+'Blended Rate Calc'!A9 -> Jacksonville | D9: =+'Blended Rate Calc'!N9 -> 0.15131314 | F9: 0.01 | G9: -0.03 | H9: 0.01 | I9: 0.01 | J9: -0.01 | K9: -0.03 | M9: =+SUM($D9,$F9,H9) -> 0.17131314 | N9: =+SUM($D9,$F9,I9) -> 0.17131314 | O9: =+SUM($D9,$F9,J9) -> 0.15131314 | P9: =+SUM($D9,$F9,K9) -> 0.13131314 | R9: =+SUM($D9,$G9,H9) -> 0.13131314 | S9: =+SUM($D9,$G9,I9) -> 0.13131314 | T9: =+SUM($D9,$G9,J9) -> 0.11131314 | U9: =+SUM($D9,$G9,K9) -> 0.091313144
B10: =+'Blended Rate Calc'!A10 -> Johnson | D10: =+'Blended Rate Calc'!N10 -> 0.15165679 | F10: 0.01 | G10: -0.03 | H10: 0.01 | I10: 0.01 | J10: -0.01 | K10: -0.03 | M10: =+SUM($D10,$F10,H10) -> 0.17165679 | N10: =+SUM($D10,$F10,I10) -> 0.17165679 | O10: =+SUM($D10,$F10,J10) -> 0.15165679 | P10: =+SUM($D10,$F10,K10) -> 0.13165679 | R10: =+SUM($D10,$G10,H10) -> 0.13165679 | S10: =+SUM($D10,$G10,I10) -> 0.13165679 | T10: =+SUM($D10,$G10,J10) -> 0.11165679 | U10: =+SUM($D10,$G10,K10) -> 0.09165679
B11: =+'Blended Rate Calc'!A11 -> Ludlow | D11: =+'Blended Rate Calc'!N11 -> 0.10078164 | F11: 0.01 | G11: -0.03 | H11: 0.01 | I11: 0.01 | J11: -0.01 | K11: -0.03 | M11: =+SUM($D11,$F11,H11) -> 0.12078164 | N11: =+SUM($D11,$F11,I11) -> 0.12078164 | O11: =+SUM($D11,$F11,J11) -> 0.10078164 | P11: =+SUM($D11,$F11,K11) -> 0.080781643 | R11: =+SUM($D11,$G11,H11) -> 0.080781643 | S11: =+SUM($D11,$G11,I11) -> 0.080781643 | T11: =+SUM($D11,$G11,J11) -> 0.060781643 | U11: =+SUM($D11,$G11,K11) -> 0.040781643
B12: =+'Blended Rate Calc'!A12 -> Lyndonville | D12: =+'Blended Rate Calc'!N12 -> 0.13854354 | F12: 0.01 | G12: -0.03 | H12: 0.01 | I12: 0.01 | J12: -0.01 | K12: -0.03 | M12: =+SUM($D12,$F12,H12) -> 0.15854354 | N12: =+SUM($D12,$F12,I12) -> 0.15854354 | O12: =+SUM($D12,$F12,J12) -> 0.13854354 | P12: =+SUM($D12,$F12,K12) -> 0.11854354 | R12: =+SUM($D12,$G12,H12) -> 0.11854354 | S12: =+SUM($D12,$G12,I12) -> 0.11854354 | T12: =+SUM($D12,$G12,J12) -> 0.098543541 | U12: =+SUM($D12,$G12,K12) -> 0.078543541
B13: Morrisville | D13: =+'Blended Rate Calc'!N13 -> 0.13953589 | F13: 0.01 | G13: -0.03 | H13: 0.01 | I13: 0.01 | J13: -0.01 | K13: -0.03 | M13: =+SUM($D13,$F13,H13) -> 0.15953589 | N13: =+SUM($D13,$F13,I13) -> 0.15953589 | O13: =+SUM($D13,$F13,J13) -> 0.13953589 | P13: =+SUM($D13,$F13,K13) -> 0.11953589 | R13: =+SUM($D13,$G13,H13) -> 0.11953589 | S13: =+SUM($D13,$G13,I13) -> 0.11953589 | T13: =+SUM($D13,$G13,J13) -> 0.099535891 | U13: =+SUM($D13,$G13,K13) -> 0.079535891
B14: =+'Blended Rate Calc'!A14 -> Northfield | D14: =+'Blended Rate Calc'!N14 -> 0.12353401 | F14: 0.01 | G14: -0.03 | H14: 0.01 | I14: 0.01 | J14: -0.01 | K14: -0.03 | M14: =+SUM($D14,$F14,H14) -> 0.14353401 | N14: =+SUM($D14,$F14,I14) -> 0.14353401 | O14: =+SUM($D14,$F14,J14) -> 0.12353401 | P14: =+SUM($D14,$F14,K14) -> 0.10353401 | R14: =+SUM($D14,$G14,H14) -> 0.10353401 | S14: =+SUM($D14,$G14,I14) -> 0.10353401 | T14: =+SUM($D14,$G14,J14) -> 0.083534015 | U14: =+SUM($D14,$G14,K14) -> 0.063534015
B15: =+'Blended Rate Calc'!A15 -> Orleans | D15: =+'Blended Rate Calc'!N15 -> 0.11220143 | F15: 0.01 | G15: -0.03 | H15: 0.01 | I15: 0.01 | J15: -0.01 | K15: -0.03 | M15: =+SUM($D15,$F15,H15) -> 0.13220143 | N15: =+SUM($D15,$F15,I15) -> 0.13220143 | O15: =+SUM($D15,$F15,J15) -> 0.11220143 | P15: =+SUM($D15,$F15,K15) -> 0.092201428 | R15: =+SUM($D15,$G15,H15) -> 0.092201428 | S15: =+SUM($D15,$G15,I15) -> 0.092201428 | T15: =+SUM($D15,$G15,J15) -> 0.072201428 | U15: =+SUM($D15,$G15,K15) -> 0.052201428
B16: Swanton | D16: =+'Blended Rate Calc'!N16 -> 0.12133 | F16: 0.01 | G16: -0.03 | H16: 0.01 | I16: 0.01 | J16: -0.01 | K16: -0.03 | M16: =+SUM($D16,$F16,H16) -> 0.14133 | N16: =+SUM($D16,$F16,I16) -> 0.14133 | O16: =+SUM($D16,$F16,J16) -> 0.12133 | P16: =+SUM($D16,$F16,K16) -> 0.10133 | R16: =+SUM($D16,$G16,H16) -> 0.10133 | S16: =+SUM($D16,$G16,I16) -> 0.10133 | T16: =+SUM($D16,$G16,J16) -> 0.08133 | U16: =+SUM($D16,$G16,K16) -> 0.06133
D17: Using 2017 data; Applicable 07/01/18
B19: Burlington | D19: 0.1375 | F19: 0.01 | G19: -0.03 | H19: 0.01 | I19: 0.01 | J19: -0.01 | K19: -0.03 | M19: =+SUM($D19,$F19,H19) -> 0.1575 | N19: =+SUM($D19,$F19,I19) -> 0.1575 | O19: =+SUM($D19,$F19,J19) -> 0.1375 | P19: =+SUM($D19,$F19,K19) -> 0.1175 | R19: =+SUM($D19,$G19,H19) -> 0.1175 | S19: =+SUM($D19,$G19,I19) -> 0.1175 | T19: =+SUM($D19,$G19,J19) -> 0.0975 | U19: =+SUM($D19,$G19,K19) -> 0.0775
D20: Based on BED's current tariff.

Sheet NM_Cost-Benefit
C2: Net Metering Capacity | E2: Net Metering Compensation | H2: Net-Metering Avoided Costs | K2: Net Metering Rate Impact | N2: Net Metering Penetration
C3: Solar Only After 7/1/2017 | E3: ($/Yr) | H3: & Cross Subsidy
B5: =+NM_Compensation_Rates!B5 -> Utility | C5: kW Installed | D5: kWh/Yr | E5: NM Compensation | F5: Ave $/kWh | H5: Value of Avoided Costs | I5: Cross Subsidy | K5: 2018 Total Retail Sales | L5: Rate Impact | N5: NM Energy (kWh/Yr) | O5: NM Peak (kW)
B6: A | C6: B | D6: C | E6: D | F6: E / D | H6: F = C * $0.076/kWh | I6: G = D - F | K6: H | L6: G / H
B7: Burlington | C7: =+SUM(Solar_NM_kW!M18:O18) -> 1348 | D7: =+SUM(Solar_NM_kW!M31:O31) -> 1836972 | E7: =+(Solar_NM_kW!M29*NM_Compensation_Rates!M19)+(Solar_NM_kW!N29*NM_Compensation_Rates!N19)+(Solar_NM_kW!O29*NM_Compensation_Rates!O19)+(Solar_NM_kW!M30*NM_Compensation_Rates!R19) -> 280212.69 | F7: =+E7/D7 -> 0.15254053 | H7: =D7*0.076 -> 139609.87 | I7: =+E7-H7 -> 140602.82 | K7: =+'Total Retail Sales'!E19 -> 47232455 | L7: =+I7/K7 -> 0.0029768264 | N7: =D7/'Total Retail Sales'!C16 -> 0.005294405 | O7: =+SUM(Solar_NM_kW!C20:E20,Solar_NM_kW!H20:J20)/'Total Retail Sales'!D16 -> 0.062412371
B8: =+NM_Compensation_Rates!B6 -> Barton | C8: =+SUM(Solar_NM_kW!C9:J9) -> 74.8 | D8: =+SUM(Solar_NM_kW!C29:J29) -> 94397.76 | E8: =+(NM_Compensation_Rates!M6*Solar_NM_kW!C29)+(NM_Compensation_Rates!N6*Solar_NM_kW!D29)+(NM_Compensation_Rates!O6*Solar_NM_kW!E29)+(NM_Compensation_Rates!R6*Solar_NM_kW!H29)+(NM_Compensation_Rates!S6*Solar_NM_kW!I29)+(NM_Compensation_Rates!T6*Solar_NM_kW!J29) -> 16441.258 | F8: =+E8/D8 -> 0.17417 | H8: =D8*0.076 -> 7174.2298 | I8: =+E8-H8 -> 9267.0281 | K8: =+'Total Retail Sales'!E5 -> 2746877.5 | L8: =+I8/K8 -> 0.0033736591 | N8: =D8/'Total Retail Sales'!C5 -> 0.0069175521 | O8: =+SUM(Solar_NM_kW!C9:E9,Solar_NM_kW!H9:J9)/'Total Retail Sales'!D5 -> 0.025845686
B9: =+NM_Compensation_Rates!B7 -> Enosburg | C9: =+SUM(Solar_NM_kW!C10:J10) -> 604.29 | D9: =+SUM(Solar_NM_kW!C30:J30) -> 926673.1 | E9: =+(NM_Compensation_Rates!M7*Solar_NM_kW!C30)+(NM_Compensation_Rates!N7*Solar_NM_kW!D30)+(NM_Compensation_Rates!O7*Solar_NM_kW!E30)+(NM_Compensation_Rates!R7*Solar_NM_kW!H30)+(NM_Compensation_Rates!S7*Solar_NM_kW!I30)+(NM_Compensation_Rates!T7*Solar_NM_kW!J30) -> 110376.95 | F9: =+E9/D9 -> 0.11911099 | H9: =D9*0.076 -> 70427.155 | I9: =+E9-H9 -> 39949.791 | K9: =+'Total Retail Sales'!E6 -> 4133234.1 | L9: =+I9/K9 -> 0.009665504 | N9: =D9/'Total Retail Sales'!C6 -> 0.034515409 | O9: =+SUM(Solar_NM_kW!C10:E10,Solar_NM_kW!H10:J10)/'Total Retail Sales'!D6 -> 0.12756216
B10: =+NM_Compensation_Rates!B8 -> Hardwick | C10: =+SUM(Solar_NM_kW!C11:J11) -> 604.105 | D10: =+SUM(Solar_NM_kW!C31:J31) -> 769216.48 | E10: =+(NM_Compensation_Rates!M8*Solar_NM_kW!C31)+(NM_Compensation_Rates!N8*Solar_NM_kW!D31)+(NM_Compensation_Rates!O8*Solar_NM_kW!E31)+(NM_Compensation_Rates!R8*Solar_NM_kW!H31)+(NM_Compensation_Rates!S8*Solar_NM_kW!I31)+(NM_Compensation_Rates!T8*Solar_NM_kW!J31) -> 131247.9 | F10: =+E10/D10 -> 0.17062544 | H10: =D10*0.076 -> 58460.452 | I10: =+E10-H10 -> 72787.449 | K10: =+'Total Retail Sales'!E7 -> 5882109 | L10: =+I10/K10 -> 0.012374379 | N10: =D10/'Total Retail Sales'!C7 -> 0.02293036 | O10: =+SUM(Solar_NM_kW!C11:E11,Solar_NM_kW!H11:J11)/'Total Retail Sales'!D7 -> 0.08431886
B11: =+NM_Compensation_Rates!B9 -> Jacksonville | C11: =+SUM(Solar_NM_kW!C12:J12) -> 38.6 | D11: =+SUM(Solar_NM_kW!C32:J32) -> 47339.04 | E11: =+(NM_Compensation_Rates!M9*Solar_NM_kW!C32)+(NM_Compensation_Rates!N9*Solar_NM_kW!D32)+(NM_Compensation_Rates!O9*Solar_NM_kW!E32)+(NM_Compensation_Rates!R9*Solar_NM_kW!H32)+(NM_Compensation_Rates!S9*Solar_NM_kW!I32)+(NM_Compensation_Rates!T9*Solar_NM_kW!J32) -> 8109.7998 | F11: =+E11/D11 -> 0.17131314 | H11: =D11*0.076 -> 3597.767 | I11: =+E11-H11 -> 4512.0327 | K11: =+'Total Retail Sales'!E8 -> 856821.7 | L11: =+I11/K11 -> 0.0052660113 | N11: =D11/'Total Retail Sales'!C8 -> 0.0094919362 | O11: =+SUM(Solar_NM_kW!C12:E12,Solar_NM_kW!H12:J12)/'Total Retail Sales'!D8 -> 0.033932873
B12: =+NM_Compensation_Rates!B10 -> Johnson | C12: =+SUM(Solar_NM_kW!C13:J13) -> 317.6 | D12: =+SUM(Solar_NM_kW!C33:J33) -> 442064.64 | E12: =+(NM_Compensation_Rates!M10*Solar_NM_kW!C33)+(NM_Compensation_Rates!N10*Solar_NM_kW!D33)+(NM_Compensation_Rates!O10*Solar_NM_kW!E33)+(NM_Compensation_Rates!R10*Solar_NM_kW!H33)+(NM_Compensation_Rates!S10*Solar_NM_kW!I33)+(NM_Compensation_Rates!T10*Solar_NM_kW!J33) -> 59064.197 | F12: =+E12/D12 -> 0.13360987 | H12: =D12*0.076 -> 33596.913 | I12: =+E12-H12 -> 25467.284 | K12: =+'Total Retail Sales'!E9 -> 2141034.9 | L12: =+I12/K12 -> 0.011894848 | N12: =D12/'Total Retail Sales'!C9 -> 0.03533834 | O12: =+SUM(Solar_NM_kW!C13:E13,Solar_NM_kW!H13:J13)/'Total Retail Sales'!D9 -> 0.13446061
B13: =+NM_Compensation_Rates!B11 -> Ludlow | C13: =+SUM(Solar_NM_kW!C14:J14) -> 5.25 | D13: =+SUM(Solar_NM_kW!C34:J34) -> 6438.6 | E13: =+(NM_Compensation_Rates!M11*Solar_NM_kW!C34)+(NM_Compensation_Rates!N11*Solar_NM_kW!D34)+(NM_Compensation_Rates!O11*Solar_NM_kW!E34)+(NM_Compensation_Rates!R11*Solar_NM_kW!H34)+(NM_Compensation_Rates!S11*Solar_NM_kW!I34)+(NM_Compensation_Rates!T11*Solar_NM_kW!J34) -> 520.12069 | F13: =+E13/D13 -> 0.080781643 | H13: =D13*0.076 -> 489.3336 | I13: =+E13-H13 -> 30.787088 | K13: =+'Total Retail Sales'!E10 -> 8078203.8 | L13: =+I13/K13 -> 3.8111304e-06 | N13: =D13/'Total Retail Sales'!C10 -> 0.00011796755 | O13: =+SUM(Solar_NM_kW!C14:E14,Solar_NM_kW!H14:J14)/'Total Retail Sales'!D10 -> 0.00039570617
B14: =+NM_Compensation_Rates!B12 -> Lyndonville | C14: =+SUM(Solar_NM_kW!C15:J15) -> 651.84 | D14: =+SUM(Solar_NM_kW!C35:J35) -> 914172.58 | E14: =+(NM_Compensation_Rates!M12*Solar_NM_kW!C35)+(NM_Compensation_Rates!N12*Solar_NM_kW!D35)+(NM_Compensation_Rates!O12*Solar_NM_kW!E35)+(NM_Compensation_Rates!R12*Solar_NM_kW!H35)+(NM_Compensation_Rates!S12*Solar_NM_kW!I35)+(NM_Compensation_Rates!T12*Solar_NM_kW!J35) -> 114325.63 | F14: =+E14/D14 -> 0.12505914 | H14: =D14*0.076 -> 69477.116 | I14: =+E14-H14 -> 44848.518 | K14: =+'Total Retail Sales'!E11 -> 9207999.5 | L14: =+I14/K14 -> 0.0048706039 | N14: =D14/'Total Retail Sales'!C11 -> 0.015618181 | O14: =+SUM(Solar_NM_kW!C15:E15,Solar_NM_kW!H15:J15)/'Total Retail Sales'!D11 -> 0.054686445
B15: =+NM_Compensation_Rates!B13 -> Morrisville | C15: =+SUM(Solar_NM_kW!C16:J16) -> 442.17 | D15: =+SUM(Solar_NM_kW!C36:J36) -> 566507.45 | E15: =+(NM_Compensation_Rates!M13*Solar_NM_kW!C36)+(NM_Compensation_Rates!N13*Solar_NM_kW!D36)+(NM_Compensation_Rates!O13*Solar_NM_kW!E36)+(NM_Compensation_Rates!R13*Solar_NM_kW!H36)+(NM_Compensation_Rates!S13*Solar_NM_kW!I36)+(NM_Compensation_Rates!T13*Solar_NM_kW!J36) -> 81747.217 | F15: =+E15/D15 -> 0.14430034 | H15: =D15*0.076 -> 43054.566 | I15: =+E15-H15 -> 38692.651 | K15: =+'Total Retail Sales'!E12 -> 7081487 | L15: =+I15/K15 -> 0.0054639162 | N15: =D15/'Total Retail Sales'!C12 -> 0.012372164 | O15: =+SUM(Solar_NM_kW!C16:E16,Solar_NM_kW!H16:J16)/'Total Retail Sales'!D12 -> 0.054385313
B16: =+NM_Compensation_Rates!B14 -> Northfield | C16: =+SUM(Solar_NM_kW!C17:J17) -> 550.43 | D16: =+SUM(Solar_NM_kW!C37:J37) -> 848845.75 | E16: =+(NM_Compensation_Rates!M14*Solar_NM_kW!C37)+(NM_Compensation_Rates!N14*Solar_NM_kW!D37)+(NM_Compensation_Rates!O14*Solar_NM_kW!E37)+(NM_Compensation_Rates!R14*Solar_NM_kW!H37)+(NM_Compensation_Rates!S14*Solar_NM_kW!I37)+(NM_Compensation_Rates!T14*Solar_NM_kW!J37) -> 74312.225 | F16: =+E16/D16 -> 0.087545028 | H16: =D16*0.076 -> 64512.277 | I16: =+E16-H16 -> 9799.9482 | K16: =+'Total Retail Sales'!E13 -> 3769911.6 | L16: =+I16/K16 -> 0.0025995167 | N16: =D16/'Total Retail Sales'!C13 -> 0.030082485 | O16: =+SUM(Solar_NM_kW!C17:E17,Solar_NM_kW!H17:J17)/'Total Retail Sales'!D13 -> 0.1038316
B17: =+NM_Compensation_Rates!B15 -> Orleans | C17: =+SUM(Solar_NM_kW!C18:J18) -> 14 | D17: =+SUM(Solar_NM_kW!C38:J38) -> 17169.6 | E17: =+(NM_Compensation_Rates!M15*Solar_NM_kW!C38)+(NM_Compensation_Rates!N15*Solar_NM_kW!D38)+(NM_Compensation_Rates!O15*Solar_NM_kW!E38)+(NM_Compensation_Rates!R15*Solar_NM_kW!H38)+(NM_Compensation_Rates!S15*Solar_NM_kW!I38)+(NM_Compensation_Rates!T15*Solar_NM_kW!J38) -> 2269.8456 | F17: =+E17/D17 -> 0.13220143 | H17: =D17*0.076 -> 1304.8896 | I17: =+E17-H17 -> 964.95603 | K17: =+'Total Retail Sales'!E14 -> 1936890.8 | L17: =+I17/K17 -> 0.00049819848 | N17: =D17/'Total Retail Sales'!C14 -> 0.0012541657 | O17: =+SUM(Solar_NM_kW!C18:E18,Solar_NM_kW!H18:J18)/'Total Retail Sales'!D14 -> 0.0042796573
B18: =+NM_Compensation_Rates!B16 -> Swanton | C18: =+SUM(Solar_NM_kW!C19:J19) -> 1094.51 | D18: =+SUM(Solar_NM_kW!C39:J39) -> 1695510.3 | E18: =+(NM_Compensation_Rates!M16*Solar_NM_kW!C39)+(NM_Compensation_Rates!N16*Solar_NM_kW!D39)+(NM_Compensation_Rates!O16*Solar_NM_kW!E39)+(NM_Compensation_Rates!R16*Solar_NM_kW!H39)+(NM_Compensation_Rates!S16*Solar_NM_kW!I39)+(NM_Compensation_Rates!T16*Solar_NM_kW!J39) -> 144351.3 | F18: =+E18/D18 -> 0.085137381 | H18: =D18*0.076 -> 128858.78 | I18: =+E18-H18 -> 15492.524 | K18: =+'Total Retail Sales'!E15 -> 7043131.1 | L18: =+I18/K18 -> 0.0021996643 | N18: =D18/'Total Retail Sales'!C15 -> 0.03104205 | O18: =+SUM(Solar_NM_kW!C19:E19,Solar_NM_kW!H19:J19)/'Total Retail Sales'!D15 -> 0.10652072

Sheet RES Req
B2: RES Requirements - Tier II
B4: Year | C4: 2017 | D4: 2018 | E4: 2019 | F4: 2020 | G4: 2021 | H4: 2022 | I4: 2023 | J4: 2024 | K4: 2025 | L4: 2026 | M4: 2027 | N4: 2028 | O4: 2029 | P4: 2030 | Q4: 2031 | R4: 2032
B5: VT_1 | C5: 0.55 | D5: 0.55 | E5: 0.55 | F5: 0.59 | G5: 0.59 | H5: 0.59 | I5: 0.63 | J5: 0.63 | K5: 0.63 | L5: 0.67 | M5: 0.67 | N5: 0.67 | O5: 0.71 | P5: 0.71 | Q5: 0.71 | R5: 0.75
B6: VT_1 - VT_2 | C6: 0.54 | D6: 0.534 | E6: 0.528 | F6: 0.562 | G6: 0.556 | H6: 0.55 | I6: 0.584 | J6: 0.578 | K6: 0.572 | L6: 0.606 | M6: 0.6 | N6: 0.594 | O6: 0.628 | P6: 0.622 | Q6: 0.616 | R6: 0.65
B7: Tier II % | C7: 0.01 | D7: 0.016 | E7: 0.022 | F7: 0.028 | G7: 0.034 | H7: 0.04 | I7: 0.046 | J7: 0.052 | K7: 0.058 | L7: 0.064 | M7: 0.07 | N7: 0.076 | O7: 0.082 | P7: 0.088 | Q7: 0.094 | R7: 0.1
B8: VT_3 | C8: 0 | D8: 0 | E8: 0.02 | F8: 0.02667 | G8: 0.03334 | H8: 0.04001 | I8: 0.04668 | J8: 0.05335 | K8: 0.06002 | L8: 0.06669 | M8: 0.07336 | N8: 0.08003 | O8: 0.0867 | P8: 0.09337 | Q8: 0.10004 | R8: 0.10671
B11: Cumulative Installed Capacity Required to Meet Tier II
B13: Year | D13: 2018 | E13: 2019 | F13: 2020 | G13: 2021 | H13: 2022 | I13: 2023 | J13: 2024 | K13: 2025 | L13: 2026 | M13: 2027 | N13: 2028 | O13: 2029 | P13: 2030 | Q13: 2031 | R13: 2032
B14: Utility | C14: CF% | D14: Retail Sales (kWh) | E14: kW | F14: kW | G14: kW | H14: kW | I14: kW | J14: kW | K14: kW | L14: kW | M14: kW | N14: kW | O14: kW | P14: kW | Q14: kW | R14: kW
B15: Burlington | C15: 0.14 | E15: 0 | F15: 0 | G15: 0 | H15: 0 | I15: 0 | J15: 0 | K15: 0 | L15: 0 | M15: 0 | N15: 0 | O15: 0 | P15: 0 | Q15: 0 | R15: 0
B16: Barton | C16: 0.14 | D16: =+'Total Retail Sales'!C5 -> 13646122 | E16: =($D16*E$7)/(8760*$C16) -> 244.79345 | F16: =($D16*F$7)/(8760*$C16) -> 311.5553 | G16: =($D16*G$7)/(8760*$C16) -> 378.31715 | H16: =($D16*H$7)/(8760*$C16) -> 445.079 | I16: =($D16*I$7)/(8760*$C16) -> 511.84084 | J16: =($D16*J$7)/(8760*$C16) -> 578.60269 | K16: =($D16*K$7)/(8760*$C16) -> 645.36454 | L16: =($D16*L$7)/(8760*$C16) -> 712.12639 | ... R16: =($D16*R$7)/(8760*$C16) -> 1112.6975
B17: Enosburg | C17: =+C16 -> 0.14 | D17: =+'Total Retail Sales'!C6 -> 26848098 | E17: =($D17*E$7)/(8760*$C17) -> 481.61951 | F17: =($D17*F$7)/(8760*$C17) -> 612.97028 | G17: =($D17*G$7)/(8760*$C17) -> 744.32106 | H17: =($D17*H$7)/(8760*$C17) -> 875.67183 | I17: =($D17*I$7)/(8760*$C17) -> 1007.0226 | J17: =($D17*J$7)/(8760*$C17) -> 1138.3734 | K17: =($D17*K$7)/(8760*$C17) -> 1269.7242 | L17: =($D17*L$7)/(8760*$C17) -> 1401.0749 | ... R17: =($D17*R$7)/(8760*$C17) -> 2189.1796
B18: Hardwick | C18: =+C17 -> 0.14 | D18: =+'Total Retail Sales'!C7 -> 33545766 | E18: =($D18*E$7)/(8760*$C18) -> 601.76684 | F18: =($D18*F$7)/(8760*$C18) -> 765.88507 | G18: =($D18*G$7)/(8760*$C18) -> 930.0033 | H18: =($D18*H$7)/(8760*$C18) -> 1094.1215 | I18: =($D18*I$7)/(8760*$C18) -> 1258.2398 | J18: =($D18*J$7)/(8760*$C18) -> 1422.358 | K18: =($D18*K$7)/(8760*$C18) -> 1586.4762 | L18: =($D18*L$7)/(8760*$C18) -> 1750.5944 | ... R18: =($D18*R$7)/(8760*$C18) -> 2735.3038
B19: Jacksonville | C19: =+C18 -> 0.14 | D19: =+'Total Retail Sales'!C8 -> 4987290.2 | E19: =($D19*E$7)/(8760*$C19) -> 89.465414 | F19: =($D19*F$7)/(8760*$C19) -> 113.86507 | G19: =($D19*G$7)/(8760*$C19) -> 138.26473 | H19: =($D19*H$7)/(8760*$C19) -> 162.66439 | I19: =($D19*I$7)/(8760*$C19) -> 187.06405 | J19: =($D19*J$7)/(8760*$C19) -> 211.4637 | K19: =($D19*K$7)/(8760*$C19) -> 235.86336 | L19: =($D19*L$7)/(8760*$C19) -> 260.26302 | ... R19: =($D19*R$7)/(8760*$C19) -> 406.66097
B20: Johnson | C20: =+C19 -> 0.14 | D20: =+'Total Retail Sales'!C9 -> 12509491 | E20: =($D20*E$7)/(8760*$C20) -> 224.40378 | F20: =($D20*F$7)/(8760*$C20) -> 285.60482 | G20: =($D20*G$7)/(8760*$C20) -> 346.80585 | H20: =($D20*H$7)/(8760*$C20) -> 408.00688 | I20: =($D20*I$7)/(8760*$C20) -> 469.20791 | J20: =($D20*J$7)/(8760*$C20) -> 530.40895 | K20: =($D20*K$7)/(8760*$C20) -> 591.60998 | L20: =($D20*L$7)/(8760*$C20) -> 652.81101 | ... R20: =($D20*R$7)/(8760*$C20) -> 1020.0172
B21: Ludlow | C21: =+C20 -> 0.14 | D21: =+'Total Retail Sales'!C10 -> 54579417 | E21: =($D21*E$7)/(8760*$C21) -> 979.08282 | F21: =($D21*F$7)/(8760*$C21) -> 1246.1054 | G21: =($D21*G$7)/(8760*$C21) -> 1513.128 | H21: =($D21*H$7)/(8760*$C21) -> 1780.1506 | I21: =($D21*I$7)/(8760*$C21) -> 2047.1732 | J21: =($D21*J$7)/(8760*$C21) -> 2314.1958 | K21: =($D21*K$7)/(8760*$C21) -> 2581.2184 | L21: =($D21*L$7)/(8760*$C21) -> 2848.2409 | ... R21: =($D21*R$7)/(8760*$C21) -> 4450.3765
B22: Lyndonville | C22: =+C21 -> 0.14 | D22: =+'Total Retail Sales'!C11 -> 58532590 | E22: =($D22*E$7)/(8760*$C22) -> 1049.9975 | F22: =($D22*F$7)/(8760*$C22) -> 1336.3605 | G22: =($D22*G$7)/(8760*$C22) -> 1622.7235 | H22: =($D22*H$7)/(8760*$C22) -> 1909.0864 | I22: =($D22*I$7)/(8760*$C22) -> 2195.4494 | J22: =($D22*J$7)/(8760*$C22) -> 2481.8124 | K22: =($D22*K$7)/(8760*$C22) -> 2768.1753 | L22: =($D22*L$7)/(8760*$C22) -> 3054.5383 | ... R22: =($D22*R$7)/(8760*$C22) -> 4772.7161
B23: Morrisville | C23: =+C22 -> 0.14 | D23: =+'Total Retail Sales'!C12 -> 45788872 | E23: =($D23*E$7)/(8760*$C23) -> 821.39203 | F23: =($D23*F$7)/(8760*$C23) -> 1045.408 | G23: =($D23*G$7)/(8760*$C23) -> 1269.424 | H23: =($D23*H$7)/(8760*$C23) -> 1493.4401 | I23: =($D23*I$7)/(8760*$C23) -> 1717.4561 | J23: =($D23*J$7)/(8760*$C23) -> 1941.4721 | K23: =($D23*K$7)/(8760*$C23) -> 2165.4881 | L23: =($D23*L$7)/(8760*$C23) -> 2389.5041 | ... R23: =($D23*R$7)/(8760*$C23) -> 3733.6001
B24: Northfield | C24: =+C23 -> 0.14 | D24: =+'Total Retail Sales'!C13 -> 28217275 | E24: =($D24*E$7)/(8760*$C24) -> 506.18073 | F24: =($D24*F$7)/(8760*$C24) -> 644.23002 | G24: =($D24*G$7)/(8760*$C24) -> 782.27931 | H24: =($D24*H$7)/(8760*$C24) -> 920.3286 | I24: =($D24*I$7)/(8760*$C24) -> 1058.3779 | J24: =($D24*J$7)/(8760*$C24) -> 1196.4272 | K24: =($D24*K$7)/(8760*$C24) -> 1334.4765 | L24: =($D24*L$7)/(8760*$C24) -> 1472.5258 | ... R24: =($D24*R$7)/(8760*$C24) -> 2300.8215
B25: Orleans | C25: =+C24 -> 0.14 | D25: =+'Total Retail Sales'!C14 -> 13690057 | E25: =($D25*E$7)/(8760*$C25) -> 245.58158 | F25: =($D25*F$7)/(8760*$C25) -> 312.55838 | G25: =($D25*G$7)/(8760*$C25) -> 379.53517 | H25: =($D25*H$7)/(8760*$C25) -> 446.51197 | I25: =($D25*I$7)/(8760*$C25) -> 513.48877 | J25: =($D25*J$7)/(8760*$C25) -> 580.46556 | K25: =($D25*K$7)/(8760*$C25) -> 647.44236 | L25: =($D25*L$7)/(8760*$C25) -> 714.41915 | ... R25: =($D25*R$7)/(8760*$C25) -> 1116.2799
B26: Swanton | C26: =+C25 -> 0.14 | D26: =+'Total Retail Sales'!C15 -> 54619790 | E26: 0 | F26: 0 | G26: 0 | H26: 0 | I26: 0 | J26: 0 | K26: 0 | L26: 0 | M26: 0 | N26: 0 | O26: 0 | P26: 0 | Q26: 0 | R26: 0
B27: Total | D27: =+'Total Retail Sales'!C16 -> 3.4696477e+08 | E27: =+SUM(E16:E26) -> 5244.2837 | F27: =+SUM(F16:F26) -> 6674.5429 | G27: =+SUM(G16:G26) -> 8104.8021 | H27: =+SUM(H16:H26) -> 9535.0613 | I27: =+SUM(I16:I26) -> 10965.32 | J27: =+SUM(J16:J26) -> 12395.58 | K27: =+SUM(K16:K26) -> 13825.839 | L27: =+SUM(L16:L26) -> 15256.098 | ... R27: =+SUM(R16:R26) -> 23837.653
B28: YOY Change | F28: =+F27-E27 -> 1430.2592 | G28: =+G27-F27 -> 1430.2592 | H28: =+H27-G27 -> 1430.2592 | I28: =+I27-H27 -> 1430.2592 | J28: =+J27-I27 -> 1430.2592 | K28: =+K27-J27 -> 1430.2592 | L28: =+L27-K27 -> 1430.2592 | M28: =+M27-L27 -> 1430.2592 | ... R28: =+R27-Q27 -> 1430.2592
